 Dungeon Crawl Stone Soup version 0.30-a0-857-gcaf70739d4 (webtiles) character file.

Game seed: 18126783619344146909

38 FallingFreak the Grasshopper (level 3, -5/29 HPs)
             Began as a Ghoul Warper on Mar 6, 2023.
             Slain by Robin
             ... wielding a +0 falchion
              (6 damage)
             ... on level 2 of the Dungeon.
             The game lasted 00:03:22 (1095 turns).

FallingFreak the Grasshopper (Ghoul Warper)         Turns: 1095, Time: 00:03:22

Health: -5/29      AC:  3    Str: 14    XL:     3   Next: 43%
Magic:  5/5        EV: 11    Int: 10    God:
Gold:   92         SH:  0    Dex:  8    Spells: 6/6 levels left

rFire   . . .      SeeInvis .    a - +0 mace
rCold   + . .      Faith    .    (no shield)
rNeg    + + +      Spirit   .    b - +0 leather armour
rPois   ∞          Reflect  .    (no helmet)
rElec   .          Rampage  .    (no cloak)
rCorr   .                        (no gloves)
Will    .....                    (no boots)
Stlth   +                        o - amulet of magic regeneration {@P9}
HPRegen 0.00/turn                (no ring)
MPRegen 0.49/turn                (no ring)

@: inhibited regen
A: claws 1, cold resistance 1, negative energy resistance 3, inhibited
regeneration, torment resistance 2, devour on kill
a: no special abilities


You were on level 2 of the Dungeon.
You visited 1 branch of the dungeon, and saw 2 of its levels.

You collected 92 gold pieces.

Inventory:

Hand Weapons
 a - a +0 mace (weapon)
Missiles
 d - a boomerang of dispersal (quivered) {!f}
 h - 5 stones
Armour
 b - a +0 leather armour (worn)
Jewellery
 o - an amulet of magic regeneration (around neck) {@P9}
Scrolls
 e - a scroll of silence {unknown}
 f - a scroll of blinking
 g - a scroll of teleportation {unknown}
 m - a scroll of noise {unknown}
Potions
 c - a potion of brilliance {unknown}
 i - a potion of curing {unknown}
 j - a potion of berserk rage {unknown}
 k - a potion of flight {unknown}
 l - 2 potions of heal wounds {unknown}
 n - a potion of attraction {unknown}


   Skills:
 - Level 2.1 Fighting
 + Level 2.4 Maces & Flails
 - Level 0.8 Throwing
 - Level 0.8 Armour
 - Level 1.7 Dodging
 + Level 2.3 Spellcasting
 + Level 3.1 Translocations


You had 6 spell levels left.
You didn't know any spells.
Your spell library contained the following spells:

 Spells                   Type           Power      Damage    Failure   Level
 Blink                    Tloc           14%        N/A       16%         2
 Lesser Beckoning         Tloc           14%        N/A       16%         2
 Teleport Other           Tloc           7%         N/A       30%         3
 Ensorcelled Hibernation  Hex/Ice        2%         N/A       50%         2
 Vhi's Electric Charge    Tloc/Air       8%         N/A       52%         3
 Manifold Assault         Tloc           7%         N/A       69%         4
 Hailstorm                Conj/Ice       1%         3d3       75%         3
 Simulacrum               Ice/Necr       0%         N/A       100%        6
 Death's Door             Necr           Unusable   N/A       N/A         9

Dungeon Overview and Level Annotations

Branches:
Dungeon (2/15) Zot: 10866

Altars:

Annotations:
D:2 Robin


Innate Abilities, Weirdness & Mutations

You are immune to poison.
You have sharp fingernails.
Your flesh is cold resistant. (rC+)
You are immune to negative energy. (rN+++)
You do not regenerate when monsters are visible.
You are immune to unholy pain and torment.
You thrive by killing the living.


Message History

Aim: a worm (lightly wounded, about 23% to evade your +0 mace) Robin shouts!
You hit the worm. Your claw misses the worm.
The worm is lightly wounded.
You hear a shout!
The worm closely misses you.
Unknown command.
Hit: a) +0 mace
Press: ? - help, Dir - move target, f/p - worm
Aim: a worm (lightly wounded, about 23% to evade your +0 mace)
You hit the worm.
The worm is heavily wounded.
Unknown command.
Hit: a) +0 mace
Press: ? - help, Dir - move target, f/p - worm
Aim: a worm (heavily wounded, about 23% to evade your +0 mace)
You hit the worm.
The worm is heavily wounded.
The worm bites you.
Unknown command.
Hit: a) +0 mace
Press: ? - help, Dir - move target, f/p - worm
Aim: a worm (heavily wounded, about 23% to evade your +0 mace)
You hit the worm.
The worm is severely wounded.
Robin says, "Bow before me, strongest of all the hobgoblins!"
The worm bites you!
* * * LOW HITPOINT WARNING * * *
Unknown command.
Robin hits you but does no damage. Robin attacks as you move away!
Robin hits you with a +0 falchion.
* * * LOW HITPOINT WARNING * * *
Robin points. "Kill!"
Throw: 2 boomerangs (disperse) {!f}
Press: ? - help, Q - select action, (/) - cycle Shift-Dir - straight line, f - Robin
Aim: Robin, wielding a +0 falchion, wearing a +0 animal skin and wearing a +0 helmet (62% to hit)
You throw a boomerang of dispersal {!f}.
The boomerang of dispersal {!f} hits Robin and shatters, but does no damage.
Robin closely misses you. Robin hits you with a +0 falchion.
You die...

#... ###.#
##..#.....#####......
.... #.#
##@#..(...... ..##
...## ..# #g#.w..#
#..###.# #.w....#
##......####
##........#
...........##
#....!####
.)#g...g.g... #....##
...######.... ##.#..#
....# . ..##..# ....#
.## #... ....# ##.
<...#####...
...))....# .........#
.........# .........#
..........#


You could see a worm and Robin.

Vanquished Creatures
  A worm (D:2)
  2 bats (D:1)
  3 endoplasms
  A giant cockroach (D:2)
  8 goblins
  4 hobgoblins
  A quokka (D:1)
  A ball python (D:1)
  3 frilled lizards (D:1)
  3 kobolds (D:1)
  3 rats (D:1)
30 creatures vanquished.

Notes
Turn   | Place    | Note
-------+----------+-------------------------------------------
     0 | D:1      | FallingFreak the Ghoul Warper began the quest for the Orb.
     0 | D:1      | Reached XP level 1. HP: 17/17 MP: 2/2
   173 | D:1      | Reached XP level 2. HP: 8/24 MP: 4/4
   544 | D:1      | Found a faded altar of an unknown god.
   561 | D:1      | Reached skill level 3 in Translocations
   823 | D:2      | Increase (s)trength, (i)ntelligence, or (d)exterity?
   823 | D:2      | Reached XP level 3. HP: 27/29 MP: 5/5
   861 | D:2      | Noticed Robin
   912 | D:2      | Got the Tome of the Catacomb and the Serac
  1050 | D:2      | Identified an amulet of magic regeneration
  1093 | D:2      | HP: 1/29 [Robin/+0 falchion (4)]
  1095 | D:2      | Slain by Robin

Illustrated notes

Levels and vault maps discovered:
D:1:      lemuel_arrival_muddy, layout_rooms, basic_ecumenical_altar
D:2:      layout_rooms, dk_noncrumbling_2, kennysheep_crisscross, uniq_natasha,
          uniq_terence, uniq_robin

Skill      XL: |  1  2 |
---------------+-------+-----
Maces & Flails | 2 |  2.4
Spellcasting   | 2 |  2.3
Translocations | 3 |  3.1
Fighting       | |  2.1
Throwing       | |  0.8
Armour         | |  0.8
Dodging        | |  1.7

Action                     || total
---------------------------++-------
  Melee: Mace              ||   113
         Punch             ||     1
  Throw: Boomerang         ||     6
 Armour: Leather armour    ||    32
  Dodge: Dodged            ||    70

Table legend: (Time is in decaauts)
 A = Elapsed time spent in this place.
 B = Non-inter-level travel time spent in this place.
 C = Inter-level travel time spent in this place.
 D = Time resting spent in this place.
 E = Time spent auto-exploring this place.
 F = Levels seen in this place.
 G = Mean time per level.
                   A        B        C        D        E       F      G
               +--------+--------+--------+--------+--------+-----+--------+
         Total |   1131 |   1082 |     49 |    196 |    604 |   2 |  565.5 |
       Dungeon |   1131 |   1082 |     49 |    196 |    604 |   2 |  565.5 |
               +--------+--------+--------+--------+--------+-----+--------+

Top non-repeatable levels by time:
     D:1: 863 daAuts
     D:2: 268 daAuts
